 Dungeon Crawl Stone Soup version 0.23.1 (webtiles) character file.

Game seed: 0

478 pjoxt the Ruffian (level 6, -13/62 HPs)
             Began as a Troll Monk on Mar 4, 2019.
             Mangled by an orc warrior
             ... wielding a +0 glaive
              (16 damage)
             ... on level 7 of the Dungeon.
             The game lasted 00:05:40 (1404 turns).

pjoxt the Ruffian (Troll Monk)                      Turns: 1404, Time: 00:05:41

Health: -13/62     AC:  6    Str: 21    XL:     6   Next: 86%
Magic:  14/14      EV: 11    Int:  6    God:
Gold:   85         SH:  0    Dex: 13    Spells: 5/5 levels left

rFire    . . .     SeeInvis .     - Unarmed
rCold    . . .     Gourm    +   (no shield)
rNeg     . . .     Faith    .   a - +0 robe
rPois    .         Spirit   .   (helmet restricted)
rElec    .         Reflect  .   (no cloak)
rCorr    .         Harm     .   (gloves unavailable)
MR       .....                  (boots unavailable)
Stlth    ++........             (no amulet)
HPRegen  0.60/turn              l - ring of magical power
MPRegen  0.14/turn              (no ring)

@: no status effects
A: large, unfitting armour, claws 3, fast metabolism 3, gourmand, regeneration
1, shaggy fur 1, tough skin 3
a: no special abilities


You were on level 7 of the Dungeon.
You were completely stuffed.

You visited 1 branch of the dungeon, and saw 7 of its levels.

You collected 162 gold pieces.
You spent 77 gold pieces at shops.

Inventory:

Armour
 a - a +0 robe (worn)
Jewellery
 l - a ring of magical power (left claw)
 n - an uncursed ring of resist corrosion {unknown}
Scrolls
 c - a scroll of amnesia {unknown}
 d - 6 scrolls of identify
 e - a scroll of magic mapping {unknown}
 h - 2 scrolls of immolation {unknown}
 j - 2 scrolls of remove curse {unknown}
 r - a scroll of teleportation
Potions
 f - a potion of flight {unknown}
 g - 2 potions of resistance {unknown}
 i - 2 potions of brilliance {unknown}
 m - a potion of haste {unknown}
 o - a potion of degeneration {unknown}
 p - 2 potions of curing {unknown}
 q - a potion of lignification {unknown}
Comestibles
 b - 6 rations
 k - 2 chunks of flesh


   Skills:
 + Level 4.2 Fighting
 + Level 4.1 Dodging
 - Level 1.0 Stealth
 * Level 5.2 Unarmed Combat


You had 5 spell levels left.
You didn't know any spells.
Your spell library was empty.

Dungeon Overview and Level Annotations

Branches:
Dungeon (7/15)
 Temple: D:4-7

Altars:
Dithmenos
Sif Muna
Uskayaw
Vehumet

Shops:
D:4 ?

Annotations:
D:3 Sigmund
D:6 Grinder


Innate Abilities, Weirdness & Mutations

You are too large for most types of armour.
You have claws for hands.
Your metabolism is lightning-fast.
You like to eat raw meat.
Your natural rate of healing is unusually fast.
You are covered in fur. (AC +1)
You have extremely tough skin. (AC +3)


Message History

An orc priest comes into view. It is wielding a +0 dagger.
You scratch the orc wizard.
The orc wizard is severely wounded.
The orc wizard hits you but does no damage.
The orc warrior hits you from afar with a +0 glaive.
You scratch the orc wizard.
The orc wizard is severely wounded.
The orc wizard hits you but does no damage.
The orc priest mumbles some strange prayers to Beogh against you.
Beogh smites you!
You scratch the orc wizard.
The orc wizard is almost dead.
The orc warrior hits you from afar with a +0 glaive!!
* * * LOW HITPOINT WARNING * * *
The orc wizard casts a spell.
The orc wizard seems to speed up.
You scratch the orc wizard.
You kill the orc wizard!
The orc warrior hits you from afar with a +0 glaive!
You die...

#.........#
######....<###.#
#..........# #.#
######.....# #.#
#.....###.##
###.####.#.##
#.###.###.####..#
#....## ##.%....#
#####)# #@#####.#
##.#)## #o# #o# #
#


You could see an orc warrior and an orc priest.

Vanquished Creatures
  2 centaurs
  An orc wizard (D:7)
  An iguana (D:5)
  Terence (D:2)
  4 worker ants
  A hound zombie (D:5)
  A howler monkey zombie (D:5)
  4 gnolls (D:3)
  2 adders
  2 oozes
  An adder zombie (D:5)
  An adder skeleton (D:4)
  2 dart slugs (D:1)
  3 leopard geckos
  3 orcs
  5 bats
  3 giant cockroaches
  A goblin (D:1)
  6 hobgoblins
  2 jackals (D:4)
  2 frilled lizards
  7 kobolds
  A leopard gecko zombie (D:5)
  8 rats
64 creatures vanquished.

Notes
Turn   | Place    | Note
-------+----------+-------------------------------------------
     0 | D:1      | pjoxt the Troll Monk began the quest for the Orb.
     0 | D:1      | Reached XP level 1. HP: 22/22 MP: 0/0
    87 | D:1      | Reached XP level 2. HP: 29/29 MP: 1/1
   226 | D:1      | Reached XP level 3. HP: 35/36 MP: 2/2
   516 | D:2      | Noticed Terence
   530 | D:2      | Killed Terence
   530 | D:2      | Reached XP level 4. HP: 40/45 MP: 3/3
   567 | D:3      | Noticed a centaur
   580 | D:3      | Killed a centaur
   580 | D:3      | Reached skill level 4 in Unarmed Combat
   580 | D:3      | Reached XP level 5. HP: 4/53 MP: 4/4
   748 | D:3      | Noticed Sigmund
   838 | D:4      | Noticed an ogre
   866 | D:5      | Entered Level 5 of the Dungeon
   972 | D:5      | Noticed a centaur
   980 | D:5      | Killed a centaur
   980 | D:5      | Reached XP level 6. HP: 40/62 MP: 5/5
  1009 | D:6      | Noticed Grinder
  1053 | D:5      | Found a deep blue altar of Sif Muna.
  1053 | D:5      | Found a hide-covered altar of Uskayaw.
  1054 | D:5      | Found a radiant altar of Vehumet.
  1054 | D:5      | Found a shadowy altar of Dithmenos.
  1143 | D:4      | Found Roimit's Magic Scroll Shop.
  1160 | D:4      | Bought a scroll of identify for 22 gold pieces
  1160 | D:4      | Bought a scroll of identify for 22 gold pieces
  1160 | D:4      | Bought a scroll of teleportation for 33 gold pieces
  1222 | D:5      | Reached skill level 5 in Unarmed Combat
  1398 | D:7      | Noticed an orc warrior
  1403 | D:7      | HP: 2/62 [orc warrior/+0 glaive (18)]
  1404 | D:7      | Mangled by an orc warrior

Skill      XL: |  1  2  3  4  5  6 |
---------------+-------------------+-----
Fighting       | 3 4 |  4.2
Dodging        | 3 4 |  4.1
Unarmed Combat | 4 5 |  5.2
Stealth        | |  1.0

Action                   |  1- 3 |  4- 6 || total
-------------------------+-------+-------++-------
Melee: Unarmed           |    92 |   114 ||   206
       Punch             |     2 |     2 ||     4
 Stab: Sleeping          |     1 |       ||     1
  Eat: Chunk             |    10 |     9 ||    19
Armor: Robe              |    33 |    39 ||    72
Dodge: Dodged            |    55 |    80 ||   135
